 Dungeon Sprint DCSS version 0.17-a0-1650-gce8475a (webtiles) character file.

325 Kidiri the Covert (level 6, -2/25 HPs)
             Began as a Spriggan Enchanter on Aug 13, 2015.
             Was an Initiate of Dithmenos.
             Slain by a spatial vortex (4 damage)
             ... in the Dungeon (Sprint III: "The Ten Rune Challenge").
             The game lasted 00:03:08 (617 turns).

Kidiri the Covert (Spriggan Enchanter)               Turns: 617, Time: 00:03:08

Health: -2/25      AC:  2    Str:  4    XL:     6   Next: 24%
Magic:  17/17      EV: 26    Int: 18    God:    Dithmenos [......]
Gold:   27         SH:  0    Dex: 19    Spells: 5 memorised, 8 levels left

rFire  . . .     SeeInvis +     a - +1 dagger
rCold  . . .     Clarity  .     b - +1 robe
rNeg   . . .     SustAt   .     (shield restricted)
rPois  .         Gourm    .     (helmet restricted)
rElec  .         Spirit   .     (no cloak)
rCorr  .         Warding  .     (gloves unavailable)
rMut   .         NoTele   +     (boots unavailable)
MR     +....                    (no amulet)
Stlth  ++++++....               (no ring)
                                (no ring)

@: very quick, somewhat resistant to hostile enchantments, very stealthy
A: unfitting armour, thin skeletal structure 1, see invisible, blink 1, deformed
body, herbivore 3, speed 3, frail 1, slow metabolism 2
a: Blink, Renounce Religion


You were in the Dungeon.
You worshipped Dithmenos.
Dithmenos was noncommittal.
You were not hungry.

You visited 1 branch You collected 27 gold pieces.

Inventory:

Hand weapons
 a - a +1 dagger (weapon)
Armour
 b - a +1 robe (worn)
Scrolls
 j - a scroll of blinking
 k - a scroll of immolation {unknown}
 l - 2 scrolls of identify {unknown}
 m - a scroll of remove curse {unknown}
 p - a scroll of holy word {unknown}
 q - a scroll of amnesia {unknown}
Potions
 g - a potion of haste
 h - 2 potions of magic
 n - 4 potions of cure mutation
 o - a potion of curing
 r - 2 potions of flight
Comestibles
 c - a royal jelly
 d - 2 bread rations


   Skills:
 + Level 4.5 Short Blades
 * Level 9.2 Dodging
 * Level 10.4 Stealth
 * Level 7.7 Spellcasting
 + Level 2.1 Conjurations
 + Level 6.3 Hexes
 + Level 3.0 Ice Magic
 + Level 0.0 Invocations


You had 8 spell levels left.
You knew the following spells:

 Your Spells              Type           Power        Failure   Level  Hunger
a - Corona                Hex            ####...      1%          1    None
b - Ensorcelled Hibernat  Hex/Ice        ###...       1%          2    None
c - Confuse               Hex            ####....     2%          3    #......
d - Tukima's Dance        Hex            ####....     2%          3    #......
e - Dazzling Spray        Conj/Hex       ###.....     6%          3    #......


Dungeon Overview and Level Annotations

Branches:
Dungeon (1/1)

Altars:
Dithmenos
Gozag
Makhleb
Nemelex Xobeh
Qazlal
Ru
Xom
Jiyva
Lugonu


Innate Abilities, Weirdness & Mutations

You are tiny and cannot use many weapons and most armour.
You have supernaturally acute eyesight.
You are a herbivore.
You cover ground extremely quickly.
You need consume almost no food.
You have a somewhat thin skeletal structure (Dex +2, Stealth).
You can translocate small distances at will.
Armour fits poorly on your strangely shaped body.
You are frail (-10% HP).


Message History

Unknown command.
You open the door.
A spatial vortex comes into view.
Found a stormy altar of Qazlal.
Found a stone of tremors.
Found eight altars.
There is an open door here.
Unknown command.
Unknown command.
There is a sacrificial altar of Ru here.
There is a viscous altar of Jiyva here.
There is a shadowy altar of Dithmenos here.
You kneel at the altar of Dithmenos.
Dithmenos welcomes you!
There is a viscous altar of Jiyva here.
There is a sacrificial altar of Ru here.
The spatial vortex hits you!!
Ouch! That really hurt!
* * * LOW HITPOINT WARNING * * *
Space bends around you.
You die...

..≈♣♣ ♣♣.###+#+###+##
.≈≈.♣♣♣..#..........#
≈≈≈≈.♣...'.⌠........#
≈≈≈≈≈≈♣..#...######'#
≈≈≈≈≈....#.⌠.#__#...#
≈≈≈≈.....#...#__#...#
≈≈.......#+###__#...#
.........# #__#...+
.........# #_.@v..#
▓▓▓▓▓▓▓▓▓▓ ▓▓▓▓▓▓▓▓


You could see a spatial vortex.

Vanquished Creatures
  A shadow (D)
  A water elemental (D)
  A jelly (D)
  Jessica (D)
  A wolf (D)
  A human (D)
  2 oozes (D)
  A rat (D)
9 creatures vanquished.

Vanquished Creatures (others)
  2 draconian scorchers (D)
  A yaktaur (D)
  2 plants (D)
5 creatures vanquished.

Grand Total: 14 creatures vanquished

Notes
Turn   | Place    | Note
--------------------------------------------------------------
     0 | D        | Kidiri the Spriggan Enchanter began the quest for the Orb.
     0 | D        | Reached XP level 1. HP: 9/9 MP: 5/5
     4 | D        | Reached skill level 5 in Stealth
    15 | D        | Reached XP level 2. HP: 13/13 MP: 5/7
    19 | D        | Learned a level 2 spell: Ensorcelled Hibernation
    23 | D        | Killed a yaktaur
    41 | D        | Noticed Jessica
    44 | D        | Killed Jessica
    44 | D        | Reached skill level 5 in Dodging
    44 | D        | Reached skill level 6 in Stealth
    44 | D        | Reached skill level 1 in Ice Magic
    44 | D        | Reached XP level 3. HP: 16/16 MP: 6/10
   154 | D        | Reached skill level 7 in Stealth
   155 | D        | Noticed a wolf
   175 | D        | Learned a level 3 spell: Confuse
   179 | D        | Learned a level 3 spell: Tukima's Dance
   211 | D        | Killed a white draconian scorcher
   267 | D        | Killed a wolf
   267 | D        | Reached skill level 5 in Spellcasting
   267 | D        | Reached XP level 4. HP: 21/21 MP: 9/12
   274 | D        | Learned a level 3 spell: Dazzling Spray
   294 | D        | Gained mutation: Armour fits poorly on your strangely shaped body. [potion of mutation]
   294 | D        | Gained mutation: Your system is resistant to poisons. [potion of mutation]
   294 | D        | Gained mutation: You are frail (-10% HP). [potion of mutation]
   295 | D        | Gained mutation: You can translocate small distances at will. [potion of mutation]
   295 | D        | Lost mutation: Your system is resistant to poisons. [potion of mutation]
   295 | D        | Gained mutation: You have a somewhat thin skeletal structure (Dex +2, Stealth). [potion of mutation]
   313 | D        | Killed a white draconian scorcher
   326 | D        | Noticed a water elemental
   329 | D        | Killed a water elemental
   329 | D        | Reached skill level 8 in Stealth
   329 | D        | Reached skill level 1 in Conjurations
   329 | D        | Reached skill level 5 in Hexes
   338 | D        | Noticed a jelly
   339 | D        | Noticed a shadow
   367 | D        | Killed a shadow
   367 | D        | Reached skill level 9 in Dodging
   367 | D        | Reached skill level 10 in Stealth
   367 | D        | Reached XP level 5. HP: 6/21 MP: 2/16
   367 | D        | Reached XP level 6. HP: 7/25 MP: 2/17
   368 | D        | Killed a jelly
   609 | D        | Found a stormy altar of Qazlal.
   609 | D        | Noticed a spatial vortex
   610 | D        | Found a sacrificial altar of Ru.
   610 | D        | Found a burning altar of Makhleb.
   610 | D        | Found a viscous altar of Jiyva.
   610 | D        | Found a shimmering altar of Xom.
   610 | D        | Found a shadowy altar of Dithmenos.
   610 | D        | Found a sparkling altar of Nemelex Xobeh.
   610 | D        | Found a corrupted altar of Lugonu.
   610 | D        | Found an opulent altar of Gozag.
   614 | D        | Became a worshipper of Dithmenos the Shadowed
   617 | D        | Slain by a spatial vortex

Vault maps used:
D:        dungeon_sprint_mu

Action                   |  1- 3 |  4- 6 || total
-------------------------+-------+-------++-------
Melee: Dagger            |    19 |    22 ||    41
 Cast: Ensorcelled Hiber |     3 |       ||     3
       Corona            |     1 |     1 ||     2
       Confuse           |       |     2 ||     2
       Dazzling Spray    |       |     1 ||     1
  Use: Potion            |     1 |     4 ||     5
 Stab: Sleeping          |     4 |     1 ||     5
